[Event "*** Titled Tuesday Blitz"]
[Site "Chess.com"]
[Date "2019.07.02"]
[Round "1"]
[White "KRASAVCHIK2002"]
[Black "jk13"]
[Result "0-1"]
[WhiteElo "2245"]
[BlackElo "2604"]
[TimeControl "180+2"]
[EndTime "13:07:48 PDT"]
[Termination "jk13 won by resignation"]

1. Nf3 e6 2. c4 Nf6 3. b3 d5 4. Bb2 a5 5. cxd5 exd5 6. a3 Bd6 7. e3 O-O 8. d4 Re8 9. Bd3 c6 10. Nbd2 Bg4 11. Qc2 Nbd7 12. h3 Bh5 13. g4 Bg6 14.
Bxg6 hxg6 15. Rg1 Qe7 16. h4 Ne4 17. Nxe4 Qxe4 18. Qxe4 Rxe4 19. Nd2 Ree8 20. Ke2 a4 21. b4 b5 22. Rac1 Rac8 23. Kd3 Nb6 24. Bc3 f6 25. Rce1 Kf7 26. Rh1 Rh8 27. e4 Bf4 28. exd5 Bxd2 29. Bxd2 cxd5 30. g5 Rc6 31. Rc1 Rxc1 32. Rxc1 Nc4 33.
Rc3 Rxh4 34. gxf6 gxf6 35. Rc1 Rh3+ 36. Be3 g5 37. Ke2 Kg6 38. f3 Rh2+ 39. Bf2 f5 40. Kf1 f4 41. Kg1 Rh7 42. Re1 Nxa3 43. Re6+ Kh5 44.
Rb6 Ra7 45. Be1 Nc2 46. Bc3 Rc7 47. Bb2 a3 48. Bxa3 Nxa3 49. Rd6 0-1

[Event "*** Titled Tuesday Blitz"]
[Site "Chess.com"]
[Date "2019.07.02"]
[Round "1"]
[White "bascheyaro"]
[Black "Vegan4future"]
[Result "1-0"]
[WhiteElo "2755"]
[BlackElo "2390"]
[TimeControl "180+2"]
[EndTime "13:07:49 PDT"]
[Termination "bascheyaro won by checkmate"]

1. d4 d5 2. c4 Nc6 3. Nc3 dxc4 4. d5 Ne5 5. Bf4 Ng6 6. Bg3 e5 7. e4 Bd6 8. Bxc4 a6 9. a4 N8e7 10. h4 h5 11. Nh3 f6 12. Be2 Bxh3 13. Rxh3 Qd7 14. Bxh5 O-O-O 15. Qg4 Nf4 16. Bxf4 exf4 17. Qxd7+ Kxd7 18. Bg4+ Ke8 19. O-O-O Be5 20. Ne2 Rd6 21.
g3 fxg3 22. f4 Ng6 23. fxe5 Nxe5 24. Rxg3 Rxh4 25. Rdg1 Rb6 26. Bf5 g5 27. Rc3 Rh2 28.
Re1 Kd8 29. b3 Rb4 30. Kd2 Rf2 31. Rec1 c6 32. dxc6 bxc6 33. Rh3 Kc7 34. Kc3 c5 35. Rc2 Nc6 36. Rd2 Rf1 37. a5 Nxa5 38. Rh7+ Kb6 39.
Rd6+ Nc6 40. Bd7 Rxe4 41. Rxc6+ Ka5 42. Rxc5+ Kb6 43. Rc6+ Ka5 44. b4+ Rxb4 45. Rc5+ Rb5 46. Bxb5 axb5 47. Rb7 Rf2 48. Rcxb5+ Ka6 49. R5b6+ Ka5 50.
Nd4 g4 51. Nc6+ Ka4 52. Ra6# 1-0

[Event "*** Titled Tuesday Blitz"]
[Site "Chess.com"]
[Date "2019.07.02"]
[Round "1"]
[White "ozates"]
[Black "promen1999"]
[Result "1-0"]
[WhiteElo "2299"]
[BlackElo "2602"]
[TimeControl "180+2"]
[EndTime "13:07:49 PDT"]
[Termination "ozates won by resignation"]

1. e4 c5 2. Nf3 e6 3. d4 cxd4 4. Nxd4 Nc6 5. Nc3 Qc7 6. Be3 a6 7. Qf3 Bd6 8. O-O-O Be5 9. g3 Nf6 10. Qe2 b5 11. f4 Bxd4 12. Bxd4 Nxd4 13. Rxd4 Bb7 14.
Bg2 Qc5 15. Rhd1 e5 16. R4d2 Rc8 17. f5 b4 18. Nd5 Bxd5 19. exd5 d6 20. g4 h6 21. h4 a5 22. g5 hxg5 23. hxg5 Nd7 24. Qg4 a4 25. Kb1 a3 26. f6 g6 27. Bh3 Rc7 28. Rh1 Nb6 29. Qe4 Nc4 30. Bd7+ Kxd7 31. Qg4+ 1-0

[Event "*** Titled Tuesday Blitz"]
[Site "Chess.com"]
[Date "2019.07.02"]
[Round "1"]
[White "mitrabhaa"]
[Black "WPWPWP-2015"]
[Result "1-0"]
[WhiteElo "2734"]
[BlackElo "2383"]
[TimeControl "180+2"]
[EndTime "13:07:54 PDT"]
[Termination "mitrabhaa won on time"]

1. d4 Nf6 2. Nf3 d5 3. c4 c6 4. e3 Bf5 5. Nc3 e6 6. Qb3 Qc7 7. Nh4 Be4 8. f3 Bg6 9. Bd2 Nbd7 10. g3 Bd6 11. Kf2 dxc4 12. Bxc4 b5 13. Be2 a6 14. Rac1 Qb6 15. Kg2 O-O 16. a4 b4 17. Na2 a5 18. Nxg6 hxg6 19. Rhd1 c5 20. Bb5 cxd4 21. exd4 Rac8 22. Rxc8 Rxc8 23. Nc1 Rd8 24. Ne2 Nd5 25.
Rc1 N7f6 26. Bg5 Qb8 27. Rc6 Rc8 28. Qc2 Rxc6 29. Qxc6 Qc7 30. Qa8+ Kh7 31. Bd3 b3 32. Bd2 Bb4 33. Bc1 Nb6 34. Qa6 Nxa4 35. Qb5 Nb6 36. h4 Nbd5 37. Bg5 Kg8 38. g4 Qc8 39. Qa4 Be7 40. Qxb3 Nd7 41. Bd2 N7b6 42. Bxa5 Nd7 43. Bd2 Bxh4 44. g5 Qc7 45. f4 f6 46. Bxg6 fxg5 47.
Qh3 Qd8 48. Qxe6+ Kh8 49. Qxd5 gxf4 50. Qh5+ 1-0

[Event "*** Titled Tuesday Blitz"]
[Site "Chess.com"]
[Date "2019.07.02"]
[Round "1"]
[White "nitpicker"]
[Black "chessking2151"]
[Result "0-1"]
[WhiteElo "2224"]
[BlackElo "2579"]
[TimeControl "180+2"]
[EndTime "13:07:56 PDT"]
[Termination "chessking2151 won on time"]

1. e4 e5 2. Nf3 Nc6 3. Bc4 Nf6 4. d3 h6 5. c3 d6 6. h3 g6 7. a4 Bg7 8. O-O O-O 9. Re1 d5 10. exd5 Nxd5 11. Nbd2 Nf4 12. Ne4 Kh7 13. Bxf4 exf4 14. d4 Bf5 15. a5 a6 16. Qb3 Re8 17. Ned2 Rxe1+ 18. Nxe1 Qd7 19. Qxb7 Rb8 20. Qxa6 Rxb2 21. Nef3 Nb8 22. Qa8 Nc6 23. Qa6 Nxd4 24. cxd4 Bxd4 25. Qa8 Rxd2 26. Rf1 Rc2 27. Qd5 Bg7 28. Qxd7 Bxd7 29. Bxf7 Rc5 30. Rd1 Ba4 31. Rd4 Bxd4 0-1

[Event "*** Titled Tuesday Blitz"]
[Site "Chess.com"]
[Date "2019.07.02"]
[Round "1"]
[White "Infernal_XaM"]
[Black "PIwan"]
[Result "1-0"]
[WhiteElo "2876"]
[BlackElo "2448"]
[TimeControl "180+2"]
[EndTime "13:07:57 PDT"]
[Termination "Infernal_XaM won by resignation"]

1. d4 d5 2. c4 dxc4 3. Nf3 Nf6 4. g3 b5 5. Bg2 Bb7 6. O-O e6 7. b3 cxb3 8. axb3 Nbd7 9. Bd2 Be7 10. Ba5 O-O 11.
Nc3 a6 12. Qc2 Nb6 13. e4 Rc8 14.
e5 Nfd5 15. Ne4 Nb4 16. Qb1 N6d5 17. h4 Qe8 18. Rc1 h6 19. Nc5 Bxc5 20. Rxc5 Nc6 21. Bd2 Nb8 22. b4 Nd7 23. Rc2 f5 24. exf6 Rxf6 25. Nh2 Qf7 26. Qe1 Rf8 27. f4 g5 28.
fxg5 Rf2 29. Be4 Rxh2 30. Kxh2 Qf2+ 31. Qxf2 Rxf2+ 32. Kg1 Re2 33. Re1 Rxe1+ 34. Bxe1 hxg5 35. hxg5 Nxb4 36. Bh7+ Kxh7 37. Rxc7 Nd3 38. Rxb7 Kg6 39. Rxd7 Nxe1 40. Kf2 Nd3+ 41. Ke3 Nb4 42. Kf4 Nd3+ 43. Ke4 Nb4 44. Rd6 Kxg5 45. Rxe6 a5 46. Rb6 a4 47. Rxb5+ 1-0

[Event "*** Titled Tuesday Blitz"]
[Site "Chess.com"]
[Date "2019.07.02"]
[Round "1"]
[White "saraswathii"]
[Black "Der_Honigdachs"]
[Result "1-0"]
[WhiteElo "2313"]
[BlackElo "2603"]
[TimeControl "180+2"]
[EndTime "13:07:59 PDT"]
[Termination "saraswathii won by resignation"]

1. d4 d5 2. Bf4 e6 3. e3 Nf6 4. c4 Bb4+ 5. Nc3 c5 6. Nf3 Ne4 7. Qb3 Nc6 8. Bd3 dxc4 9. Bxc4 Na5 10. Bb5+ Bd7 11. Bxd7+ Qxd7 12. Qc2 cxd4 13. exd4 Nxc3 14. bxc3 Rc8 15. Bd2 Bd6 16. O-O O-O 17. Ng5 g6 18.
Ne4 Be7 19. Bh6 Rfd8 20. Qd3 Qd5 21. f4 Qf5 22. h3 a6 23. Bg5 Rc7 24. a4 Nc4 25. Bxe7 Rxe7 26. g4 Qd5 27. Nf6+ Kg7 28. Nxd5 exd5 29. Rfe1 Rde8 30. Kf2 Nb2 31. Qf3 h6 32.
Rxe7 Rxe7 33. Qxd5 Nd3+ 34. Kf3 Ne1+ 35. Kg3 Nd3 36. Qf3 Nb2 37. Rb1 Nc4 38. Rxb7 Re3 39.
Qxe3 Nxe3 40. Ra7 Nd5 41. c4 Nb4 42. a5 Kf6 43. d5 g5 44. Rb7 Nd3 45. Rb6+ Ke7 46.
fxg5 hxg5 47. Rxa6 Nc5 48. Rc6 Ne4+ 49. Kf3 1-0

[Event "*** Titled Tuesday Blitz"]
[Site "Chess.com"]
[Date "2019.07.02"]
[Round "1"]
[White "gmmoranda"]
[Black "Cecile-Haussernot"]
[Result "1-0"]
[WhiteElo "2793"]
[BlackElo "2412"]
[TimeControl "180+2"]
[EndTime "13:08:00 PDT"]
[Termination "gmmoranda won by resignation"]

1. d4 d5 2. c4 c6 3. Nc3 e6 4. e3 Nf6 5. Nf3 Nbd7 6. Bd3 Bd6 7.
e4 dxc4 8. Bxc4 e5 9. dxe5 Nxe5 10. Nxe5 Bxe5 11. Qxd8+ Kxd8 12. Bxf7 Bxc3+ 13. bxc3 Nxe4 14. f3 Rf8 15. Bb3 Nxc3 16. Bb2 Re8+ 17. Kf1 Nd5 18. Bxg7 Be6 19. Kf2 Kc7 20. Rhe1 a5 21. Rac1 a4 22. Rxe6 axb3 23. Rxe8 Rxe8 24. axb3 Nf4 25. Rc4 Nd3+ 26. Kg3 h5 27. Rc3 Nb4 28. Bd4 Nd5 29. Rc2 b6 30.
Kh4 c5 31. Kxh5 Nb4 32. Rc4 Nd3 33. Bf6 Re2 34. Rg4 Ne1 35. h4 Nxg2 36. Kg6 Ne3 37.
Re4 Rg2+ 38. Bg5 Nc2 39. h5 Nd4 40. f4 Nxb3 41. h6 Nd2 42. Re7+ Kd6 43. h7 Rh2 44. Re8 1-0

[Event "*** Titled Tuesday Blitz"]
[Site "Chess.com"]
[Date "2019.07.02"]
[Round "1"]
[White "fish7728"]
[Black "DoHoChess"]
[Result "1-0"]
[WhiteElo "2249"]
[BlackElo "2565"]
[TimeControl "180+2"]
[EndTime "13:08:00 PDT"]
[Termination "fish7728 won by resignation"]

1. d4 Nf6 2. c4 e6 3. Nc3 Bb4 4. f3 c5 5. d5 O-O 6. e4 b5 7.
Bd2 bxc4 8. Bxc4 Ba6 9. Qe2 Bxc4 10. Qxc4 exd5 11. Nxd5 Bxd2+ 12. Kxd2 Nc6 13. Ne2 Nxd5 14. Qxd5 Qf6 15. Qxc5 Qxb2+ 16. Ke3 Rac8 17. Kf2 Nb4 18. Qd4 Qa3 19. Qxd7 Rfd8 20. Qf5 Rc2 21. Rad1 Nd3+ 22.
Kg3 Rxe2 23. e5 Re3 24. Qg5 Qa5 25. Qxe3 Nb4 26. Rxd8+ Qxd8 27. Rb1 Nd5 28. Qd2 Qd7 29. Qxd5 Qe8 30. Rd1 h5 31. Qd8 1-0

[Event "*** Titled Tuesday Blitz"]
[Site "Chess.com"]
[Date "2019.07.02"]
[Round "1"]
[White "nubair1198"]
[Black "senecacrane"]
[Result "1-0"]
[WhiteElo "2669"]
[BlackElo "2325"]
[TimeControl "180+2"]
[EndTime "13:08:02 PDT"]
[Termination "nubair1198 won by resignation"]

1. Nf3 d5 2. d4 Nf6 3. c4 e6 4.
Nc3 Be7 5. Bg5 Nbd7 6. cxd5 exd5 7. e3 c6 8. Bd3 h6 9. Bh4 Nh5 10. Bxe7 Qxe7 11. O-O O-O 12. Rb1 a5 13. a3 Re8 14. b4 axb4 15. axb4 b5 16. e4 dxe4 17.
Bxe4 Bb7 18. Re1 Qd6 19. Nxb5 cxb5 20. Bxb7 Rab8 21. Rxe8+ Rxe8 22. g3 Nb6 23. Ne5 Nf6 24.
Qb3 Qxd4 25. Qxf7+ Kh8 26. Ng6+ Kh7 27. Nf4 Nc4 28. Bc6 Ne5 29. Qb7 Nxc6 30. Qxc6 Re5 31.
Qc2+ Qe4 32. Qb2 Ng4 33. h3 Nf6 34. Rd1 Nd5 35. Nd3 Re7 36. Nc5 Qxb4 37. Qc2+ g6 38. Rxd5 Rc7 39. Rd7+ Rxd7 40. Nxd7 Qe1+ 41. Kh2 Qe6 42.
Nf8+ 1-0

[Event "*** Titled Tuesday Blitz"]
[Site "Chess.com"]
[Date "2019.07.02"]
[Round "1"]
[White "Aknok"]
[Black "chessdjw"]
[Result "0-1"]
[WhiteElo "2373"]
[BlackElo "2716"]
[TimeControl "180+2"]
[EndTime "13:08:03 PDT"]
[Termination "chessdjw won by resignation"]

1. d4 Nf6 2. c4 e6 3. Nf3 d5 4.
Nc3 Bb4 5. Bg5 h6 6. Bxf6 Qxf6 7. e3 O-O 8. Rc1 dxc4 9. Bxc4 c5 10. a3 Bxc3+ 11. bxc3 Nc6 12. O-O Rd8 13. Bd3 b6 14.
Qa4 Bd7 15. Bb5 Rdc8 16. Qd1 a6 17. Bd3 e5 18. Be4 exd4 19. cxd4 cxd4 20. Nxd4 Nxd4 21. exd4 Rxc1 22. Qxc1 Rc8 23. Qe3 b5 24. d5 Qd6 25.
Rd1 Rc4 26. g3 a5 27. Bf3 g5 28. Qa7 b4 29. Qxa5 bxa3 30. Be2 Ra4 31. Qd8+ Kg7 32. Bb5 Ra7 33. h4 a2 34. hxg5 a1=Q 35. gxh6+ Qxh6 36.
Rxa1 Rxa1+ 0-1

[Event "*** Titled Tuesday Blitz"]
[Site "Chess.com"]
[Date "2019.07.02"]
[Round "1"]
[White "KarstenHansch"]
[Black "Genghis_K"]
[Result "0-1"]
[WhiteElo "2429"]
[BlackElo "2817"]
[TimeControl "180+2"]
[EndTime "13:08:05 PDT"]
[Termination "Genghis_K won by resignation"]

1. e4 c6 2. Nf3 d5 3. exd5 cxd5 4. d4 Nf6 5. Bd3 Nc6 6. c3 Bg4 7. h3 Bh5 8. Nbd2 e6 9. Nf1 Bd6 10. Ng3 Bg6 11. Bg5 Qc7 12. Ne2 Ne4 13. Be3 f5 14. Nh4 Bh5 15. Bxe4 fxe4 16. g4 Bf7 17. f4 exf3 18.
Nxf3 Bg6 19. Rf1 O-O 20. Qd2 Bg3+ 21. Kd1 Be4 22. Neg1 Rf7 23. Qe2 Raf8 24. Kd2 b5 25.
Ng5 Rxf1 26. Rxf1 Rxf1 27. Qxf1 b4 28. Nxe6 bxc3+ 29. bxc3 Qb8 30. Qc1 Na5 31. Nc5 Bf4 32. Ke2 Bxe3 33. Qxe3 Nc4 34. Qf2 Qb2+ 35. Ke1 Qc1+ 36.
Ke2 Qd2+ 37. Kf1 Ne3+ 0-1

[Event "*** Titled Tuesday Blitz"]
[Site "Chess.com"]
[Date "2019.07.02"]
[Round "1"]
[White "Sadikhov_Ulvi"]
[Black "WeAintSurePal"]
[Result "1-0"]
[WhiteElo "2692"]
[BlackElo "2338"]
[TimeControl "180+2"]
[EndTime "13:08:06 PDT"]
[Termination "Sadikhov_Ulvi won by resignation"]

1. e4 c6 2. c4 e5 3. Nf3 d6 4.
Nc3 Nf6 5. Be2 Be7 6. d4 Nbd7 7. O-O O-O 8. Re1 Re8 9. h3 Qc7 10. Be3 Nf8 11. Qc2 Ng6 12. d5 c5 13. a3 h6 14.
b4 b6 15. Rab1 Nh7 16. Nb5 Qd8 17. bxc5 bxc5 18. Bd2 Ng5 19. Nxg5 Bxg5 20. Bg4 Bxg4 21. hxg4 a6 22. Nc3 Bxd2 23. Qxd2 Rb8 24. Ne2 Qd7 25.
f3 Qa4 26. Qc3 Rec8 27. Kf2 Nf8 28. Ng3 g6 29. Nf1 Nd7 30. Ne3 Rxb1 31. Rxb1 Rb8 32.
Rxb8+ Nxb8 33. Qb2 Nd7 34. Qb7 Kg7 35. Qc6 Qa5 36. Ke2 Nf6 37. Qxd6 Qc3 38. Qxc5 Qb2+ 39. Kf1 Qc1+ 40. Ke2 Qb2+ 41. Kd3 Qb1+ 42. Kd2 Qa2+ 43.
Nc2 Qb3 44. Qb4 Qa2 45. c5 Nxd5 46. exd5 Qxd5+ 47. Ke2 f5 48. gxf5 gxf5 49. Qc3 Kg6 50.
c6 e4 51. c7 exf3+ 52. gxf3 Qe6+ 53. Kf1 1-0

[Event "*** Titled Tuesday Blitz"]
[Site "Chess.com"]
[Date "2019.07.02"]
[Round "1"]
[White "novocane"]
[Black "Kimster98"]
[Result "0-1"]
[WhiteElo "2256"]
[BlackElo "2608"]
[TimeControl "180+2"]
[EndTime "13:08:06 PDT"]
[Termination "Kimster98 won by resignation"]

1. d4 Nf6 2. c4 e6 3. Nc3 Bb4 4. e3 O-O 5. Ne2 d5 6. a3 Bd6 7.
Ng3 dxc4 8. Bxc4 c5 9. O-O cxd4 10. exd4 Nc6 11. Be3 Ne7 12. Rc1 a6 13. Bg5 Ng6 14.
d5 exd5 15. Nxd5 Be5 16. Re1 Be6 17. Ne4 Bxd5 18. Bxf6 Bxf6 19. Bxd5 Bxb2 20. Rb1 Bxa3 21. Rxb7 Rb8 22. Rxb8 Qxb8 23. h3 Rd8 24. Ng5 Rf8 25.
Qf3 Qf4 26. Qxa3 Qxg5 27. Ba2 Qf6 28. Qa5 Nf4 29. Qd2 Qg5 30. Bd5 Nxh3+ 31. Kf1 Qxd2 0-1

[Event "*** Titled Tuesday Blitz"]
[Site "Chess.com"]
[Date "2019.07.02"]
[Round "1"]
[White "Paralinch"]
[Black "marianokar"]
[Result "0-1"]
[WhiteElo "2814"]
[BlackElo "2447"]
[TimeControl "180+2"]
[EndTime "13:08:07 PDT"]
[Termination "marianokar won by resignation"]

1. e4 e5 2. Nf3 Nc6 3. Nc3 Nf6 4. d4 exd4 5. Nxd4 Bb4 6. Nxc6 bxc6 7. Bd3 d5 8. exd5 cxd5 9. Qe2+ Be7 10. O-O O-O 11.
Bf4 c5 12. Rad1 Bb7 13. Rfe1 Bd6 14. Bxd6 Qxd6 15. Qe7 Qc6 16. Bb5 Qb6 17. Bf1 Rfe8 18. Na4 Qc6 19. Qxc5 Qxa4 20. Rxe8+ Qxe8 21. h3 Qc6 22. Qb4 a5 23. Qd2 Ne4 24. Qe3 Qc5 25. Qxc5 Nxc5 26.
b3 Kf8 27. c4 Rd8 28. cxd5 Rxd5 29. Rc1 Ne6 30. Bc4 Rd2 31. a4 Bd5 32. Bb5 Bxb3 33.
Rc8+ Ke7 34. Ra8 Nd4 35. Ra7+ Kf6 36. Ra6+ Be6 37. Rxa5 Nxb5 38. Rxb5 Ra2 39. a5 g6 40.
g4 h6 41. Kg2 Rd2 42. Rb4 Bd5+ 43. Kf1 Ra2 44. Rb6+ Ke7 45. a6 Rxa6 46. Rb4 Ra1+ 47. Ke2 Rh1 48. Rd4 Ke6 49. Ra4 Rxh3 50. Ra6+ Ke5 51. Ra5 Rb3 52. Ra4 h5 53. gxh5 gxh5 54.
Rh4 Bf3+ 55. Kd2 Bg4 56. Rh1 Kf4 57. Ra1 Rb2+ 58. Kc3 Rxf2 59. Ra6 Kg3 0-1

[Event "*** Titled Tuesday Blitz"]
[Site "Chess.com"]
[Date "2019.07.02"]
[Round "1"]
[White "Zubrrr"]
[Black "Agent-JL"]
[Result "1-0"]
[WhiteElo "2716"]
[BlackElo "2371"]
[TimeControl "180+2"]
[EndTime "13:08:08 PDT"]
[Termination "Zubrrr won by resignation"]

1. c4 e5 2. g3 Nf6 3. Bg2 Bb4 4. a3 Bc5 5. Nc3 a5 6. e3 d6 7. d4 exd4 8. exd4 Ba7 9. Nge2 O-O 10. O-O Re8 11. h3 Nbd7 12. Be3 c6 13. b4 Bb8 14.
b5 Qc7 15. Rc1 Nb6 16. Qd3 g6 17. d5 c5 18. g4 Nbd7 19. f4 Qd8 20. Ng3 Re7 21.
Rce1 Qf8 22. Bd2 Rxe1 23. Rxe1 Bc7 24. Na4 Nb6 25. Nxb6 Bxb6 26. Bc3 Bd8 27. Bb2 Bd7 28. Qc3 Qg7 29. Ne4 Ne8 30. Qxg7+ Nxg7 31. Nxd6 Bc7 32. Nxb7 Bxf4 33. Nxc5 Re8 34. Rxe8+ Bxe8 35. Bd4 f5 36. Nd3 Bb8 37. a4 fxg4 38. hxg4 Bd7 39. Bf3 Ne8 40. c5 1-0

[Event "*** Titled Tuesday Blitz"]
[Site "Chess.com"]
[Date "2019.07.02"]
[Round "1"]
[White "ChesterF"]
[Black "johnathan113"]
[Result "1-0"]
[WhiteElo "2364"]
[BlackElo "2681"]
[TimeControl "180+2"]
[EndTime "13:08:08 PDT"]
[Termination "ChesterF won on time"]

1. e4 c6 2. d4 d5 3. e5 Bf5 4. h4 h5 5. Bd3 Bxd3 6. Qxd3 e6 7. Bg5 Qb6 8. Nd2 c5 9. c4 Ne7 10. Ngf3 Nbc6 11. O-O cxd4 12. Bxe7 Bxe7 13. cxd5 exd5 14. Rfe1 O-O 15. a3 Qxb2 16. e6 Bf6 17. exf7+ Rxf7 18. Qg6 Bxh4 19. Rab1 Bxf2+ 20. Kf1 Qa2 21. Ng5 Bxe1+ 22.
Qxf7+ Kh8 23. Qxh5+ Kg8 24. Qh7+ Kf8 25. Rxe1 Ne7 26.
Qh8+ Ng8 27. Ne6+ Ke7 28. Nc7+ Kd6 29. Nxa8 Qxd2 30. Qxg8 Qf4+ 31. Kg1 d3 32. Qb8+ 1-0

[Event "*** Titled Tuesday Blitz"]
[Site "Chess.com"]
[Date "2019.07.02"]
[Round "1"]
[White "kosmeg"]
[Black "VladDobrov"]
[Result "1/2-1/2"]
[WhiteElo "2449"]
[BlackElo "2837"]
[TimeControl "180+2"]
[EndTime "13:08:09 PDT"]
[Termination "Game drawn by agreement"]

1. d4 Nf6 2. c4 e6 3. g3 c5 4. Nf3 cxd4 5. Nxd4 Bb4+ 6. Bd2 Bc5 7. Nb3 Be7 8. Bg2 Nc6 9. O-O b6 10. Nc3 Ba6 11.
Nb5 d5 12. cxd5 Nxd5 13. Nc3 Bf6 14. Nxd5 exd5 15. Rc1 Qd7 16. Bc3 Bxc3 17. Rxc3 Ne7 18. Nd4 O-O 19. Qd2 Rac8 20. Rfc1 Rxc3 21. Rxc3 h6 22.
e3 Rd8 23. h3 Bb7 24. Qc2 Rc8 25. Rxc8+ Bxc8 26. Qc3 Bb7 27. b3 Nc6 28. Nxc6 Bxc6 29. Qd4 Qe6 30. h4 f6 31. b4 Kf7 32. a3 Ke7 33. Kh2 Kd6 34. Bh3 Qe4 35. Bf1 Qxd4 36. exd4 a5 37. Kg2 Ba4 38. Kf3 axb4 39. axb4 Bc2 40. Ke3 Kc6 41. Kd2 Be4 42. Kc3 Kd6 1/2-1/2

[Event "*** Titled Tuesday Blitz"]
[Site "Chess.com"]
[Date "2019.07.02"]
[Round "1"]
[White "NemtsevIgor"]
[Black "lavr92"]
[Result "0-1"]
[WhiteElo "2297"]
[BlackElo "2621"]
[TimeControl "180+2"]
[EndTime "13:08:10 PDT"]
[Termination "lavr92 won by resignation"]

1. d4 d5 2. e4 dxe4 3. Nc3 Nf6 4. Be3 g6 5. f3 exf3 6. Nxf3 Bg7 7. Bc4 O-O 8. O-O Nbd7 9. Qe1 Nb6 10. Bb3 Nfd5 11.
Bg5 h6 12. Bd2 Nxc3 13. bxc3 e6 14. Ne5 Nd5 15. Qg3 c5 16. Kh1 Qc7 17. Bxd5 exd5 18. Bf4 Qb6 19. Rad1 Bf5 20. Ng4 Bxg4 21. Qxg4 cxd4 22.
cxd4 Rac8 23. Rf2 Bxd4 24. Rfd2 Bg7 25. Rxd5 Rxc2 26. h4 h5 27. Qf3 Rxa2 28. Rd7 Qc6 29.
R1d5 a5 30. Qd3 Qe6 31. Bg3 Qg4 32. Kh2 a4 33. Rd8 Qe2 34. Rxf8+ Bxf8 35. Qxe2 Rxe2 36. Rd8 Kg7 37. Rb8 a3 38. Rxb7 a2 39. Ra7 Be7 40.
Kh3 Bf6 0-1

[Event "*** Titled Tuesday Blitz"]
[Site "Chess.com"]
[Date "2019.07.02"]
[Round "1"]
[White "bluejay1897"]
[Black "eldur16"]
[Result "1-0"]
[WhiteElo "2253"]
[BlackElo "2573"]
[TimeControl "180+2"]
[EndTime "13:08:14 PDT"]
[Termination "bluejay1897 won by resignation"]

1. Nf3 c5 2. g3 Nc6 3. Bg2 g6 4. O-O Bg7 5. c4 e6 6. Nc3 Nge7 7. e3 d5 8. cxd5 exd5 9. d4 cxd4 10. Nxd4 O-O 11.
a3 Nxd4 12. exd4 Be6 13. b4 Qd7 14. Re1 Rac8 15. Ne2 Nf5 16. Bb2 Nd6 17. Qb3 Nc4 18. Bc1 Rfe8 19. Be3 Bf5 20. Nf4 Be4 21. Bf1 Bc2 22.
Qxc2 Nxe3 23. Qd3 Nxf1 24. Rxf1 Re4 25. Rac1 Rxd4 26. Rxc8+ Qxc8 27. Qb5 a6 28. Qb6 Be5 29. Ng2 Rd2 30. Qe3 Qc3 31. Qg5 Bf6 32. Qf4 Kg7 33. Ne3 h5 34. g4 hxg4 35. Nxg4 Qd4 36.
Qh6+ Kg8 37. Nxf6+ Qxf6 38. Qxd2 Qf3 39. Qe3 Qg4+ 40.
Qg3 Qd7 41. Re1 d4 42. Qe5 Qg4+ 43. Kf1 Qh3+ 44. Ke2 Qc3 45. Rd1 Qc2+ 46. Rd2 Qc4+ 47. Kf3 Qc3+ 48. Ke2 Qc4+ 49. Kd1 Qb3+ 50. Ke1 Qc3 51.
Qxd4 Qxa3 52. Rc2 Kh7 53. Rc8 1-0

[Event "*** Titled Tuesday Blitz"]
[Site "Chess.com"]
[Date "2019.07.02"]
[Round "1"]
[White "Naruto-K"]
[Black "sandager"]
[Result "1-0"]
[WhiteElo "2536"]
[BlackElo "2144"]
[TimeControl "180+2"]
[EndTime "13:08:14 PDT"]
[Termination "Naruto-K won by resignation"]

1. Nf3 Nf6 2. c4 g6 3. Nc3 d5 4. cxd5 Nxd5 5. e4 Nxc3 6. dxc3 Bg7 7. Qxd8+ Kxd8 8. Bf4 c6 9. Bc4 Ke8 10. Ng5 e6 11. h4 h6 12. Nf3 Nd7 13. O-O-O e5 14.
Bg3 f6 15. Nd2 Nc5 16. f3 Be6 17. Bf2 Bxc4 18. Nxc4 Bf8 19. Nd6+ Bxd6 20. Rxd6 Nd7 21. Rhd1 Rh7 22. Be3 g5 23. hxg5 hxg5 24. Re6+ Kf8 25.
a4 Re8 26. Red6 Ree7 27. Bxa7 Ke8 28. a5 Rh2 29. R1d2 Rhh7 30. Be3 Ref7 31. Kc2 Kd8 32. a6 Kc8 33. a7 Nb6 34. Bxb6 1-0

[Event "*** Titled Tuesday Blitz"]
[Site "Chess.com"]
[Date "2019.07.02"]
[Round "1"]
[White "sebsep"]
[Black "ENEASZ"]
[Result "1-0"]
[WhiteElo "2146"]
[BlackElo "2516"]
[TimeControl "180+2"]
[EndTime "13:08:15 PDT"]
[Termination "sebsep won by checkmate"]

1. e4 e5 2. Nf3 Nc6 3. Bc4 Nf6 4. d3 h6 5. c3 d6 6. Nbd2 g5 7.
Bb3 Bg7 8. Nc4 O-O 9. Ne3 Ne7 10. h4 g4 11. Nd2 Ng6 12. g3 h5 13. Ndc4 c6 14. Nf5 Bxf5 15. exf5 Ne7 16. Ne3 d5 17. d4 e4 18. c4 Qd7 19. cxd5 cxd5 20. Ba4 b5 21.
Bb3 Nxf5 22. Nxf5 Qxf5 23. O-O a5 24. a4 b4 25. Qe2 Rfc8 26. Bg5 Ne8 27. Be3 Nd6 28. Rac1 Qe6 29. Rxc8+ Rxc8 30. Qa6 Nc4 31. Bxc4 dxc4 32. Qxa5 c3 33. Qxb4 c2 34. Rc1 Bf8 35.
Qb5 Qc4 36. Qxh5 Bg7 37. Qxg4 Rb8 38. Bh6 Qxd4 39. Bxg7 Qxg7 40. Qxe4 Rxb2 41. Rxc2 Rb1+ 42. Kg2 Qa1 43. Rc8+ Kg7 44. Qg4+ Kf6 45. Qg5+ Ke6 46. Rc6+ Kd7 47. Qd5+ Ke7 48. Rc7+ Kf6 49. Rxf7+ Kg6 50.
Qf5+ Kh6 51. Rh7# 1-0

[Event "*** Titled Tuesday Blitz"]
[Site "Chess.com"]
[Date "2019.07.02"]
[Round "1"]
[White "FMJoseHerrera"]
[Black "Kawhi_Leonard2"]
[Result "1-0"]
[WhiteElo "2663"]
[BlackElo "2317"]
[TimeControl "180+2"]
[EndTime "13:08:16 PDT"]
[Termination "FMJoseHerrera won on time"]

1. Nf3 Nf6 2. g3 e6 3. Bg2 d5 4. d3 Be7 5. c3 O-O 6. O-O c5 7. a3 b6 8. b4 a5 9. bxc5 bxc5 10. Bf4 Nc6 11. a4 Bd6 12. Bg5 h6 13. Bd2 Rb8 14. Na3 Ba6 15. Qc2 Qe7 16. Rfb1 Na7 17. c4 Rb4 18. Bxb4 cxb4 19. Nb5 Rc8 20. Nd2 Bc5 21. e3 dxc4 22. Nxc4 Qd8 23. Rc1 Bxb5 24. axb5 Nxb5 25.
Nxa5 Nc3 26. Nb7 Qb6 27. Nxc5 Qxc5 28. d4 Qh5 29. Re1 Qb5 30. Qb3 Nfd5 31. Bf1 Qc6 32. Rac1 Qb6 33. Bc4 Ra8 34. e4 Ra3 35. Qb2 Nf6 36.
d5 exd5 37. exd5 Nfxd5 38. Qc2 g6 39. Qd3 1-0

[Event "*** Titled Tuesday Blitz"]
[Site "Chess.com"]
[Date "2019.07.02"]
[Round "1"]
[White "Zq1"]
[Black "Macron20hTF1"]
[Result "0-1"]
[WhiteElo "2562"]
[BlackElo "2253"]
[TimeControl "180+2"]
[EndTime "13:08:16 PDT"]
[Termination "Macron20hTF1 won on time"]

1. d4 g6 2. c4 Bg7 3. e4 d6 4. Nc3 e5 5. d5 f5 6. exf5 gxf5 7. Qh5+ Kf8 8. Qd1 Nf6 9. Nf3 Na6 10. Be2 Nc5 11.
O-O a5 12. Be3 Ng4 13. Bxc5 dxc5 14. h3 Nh6 15. Qd2 Nf7 16. Rfe1 Rg8 17. Bd3 e4 18. Nxe4 fxe4 19. Bxe4 Bxh3 20. Bxh7 Bh6 21. Qd3 Rxg2+ 22. Kh1 Rg7 23. Rg1 Bg4 24. Nh2 Qh4 25. Rg2 Bf4 26. Qe4 Bd6 27. Bf5 Re8 28. Be6 Qh6 29. f4 Bxe6 30.
dxe6 Rxe6 31. Qxb7 Bxf4 32. Qc8+ Re8 33. Qb7 c6 34. Rag1 Rxg2 35. Rxg2 Re1+ 0-1

[Event "*** Titled Tuesday Blitz"]
[Site "Chess.com"]
[Date "2019.07.02"]
[Round "1"]
[White "lrestevez"]
[Black "Daniela_Movileanu"]
[Result "1/2-1/2"]
[WhiteElo "2120"]
[BlackElo "2505"]
[TimeControl "180+2"]
[EndTime "13:08:16 PDT"]
[Termination "Game drawn by agreement"]

1. e4 c5 2. Nf3 g6 3. c3 Bg7 4.
Bc4 Nc6 5. Qe2 d6 6. O-O Bg4 7.
h3 Bxf3 8. Qxf3 Nf6 9. d3 Ne5 10.
Bb5+ Nfd7 11. Qe2 a6 12. Ba4 b5 13. Bc2 O-O 14. Nd2 Nb6 15. Nf3 Nxf3+ 16. Qxf3 d5 17. Bf4 Rc8 18. Rfe1 e5 19. Bh2 Re8 20. Rad1 b4 21. exd5 bxc3 22. bxc3 Nxd5 23. Ba4 Re7 24. Rc1 Nb6 25. Bb3 Qd7 26. Re2 Rd8 27. Rce1 Qxd3 28.
Qc6 c4 29. Qxb6 cxb3 30. Qxb3 Rb7 31. Qc2 Qxc2 32. Rxc2 Rd3 33. Bxe5 Re7 34. Rce2 Bxe5 35. Rxe5 Rxe5 36. Rxe5 Rxc3 37. Ra5 Rc6 38. g3 Kf8 39. Kg2 Ke7 40. Ra3 Kd7 41. Rd3+ Kc7 42. Kf3 Kb6 43. h4 h5 44. Ke3 a5 45. Rb3+ 1/2-1/2